 Dungeon Sprint DCSS version 0.26-a0-683-g5206c1d7ac (webtiles) character file.

Game seed: 10083892260231040242

1277 Conn the Arsonist (level 8, 0/46 HPs)
             Began as an Octopode Fire Elementalist on Oct 22, 2020.
             Was a Believer of Sif Muna.
             Killed by vampiric draining
             ... invoked by Josephine
              (5 damage)
             ... in the Dungeon (Sprint III: "The Ten Rune Challenge").
             The game lasted 00:18:15 (1471 turns).

Conn the Arsonist (Octopode Fire Elementalist)      Turns: 1471, Time: 00:18:16

Health: 0/46       AC:  1    Str:  7    XL:     8   Next: 54%
Magic:  1/22       EV: 14    Int: 20    God:    Sif Muna [**....]
Gold:   36         SH:  0    Dex: 12    Spells: 11/27 levels left

rFire    . . .     SeeInvis .   c - +0 dagger
rCold    . . .     Faith    .   (no shield)
rNeg     . . .     Spirit   .   (helmet restricted)
rPois    .         Reflect  .   (no amulet)
rElec    .         Harm     .   (no ring)
rCorr    .         Rampage  .   (no ring)
MR       .....     NoTele   +   (no ring)
Stlth    ++++......             (no ring)
HPRegen  0.15/turn              (no ring)
MPRegen  0.18/turn              (no ring)
                                (no ring)
                                (no ring)

@: lightly drained
A: almost no armour, stealthy swim, amphibious, 8 rings, constrict 8, camouflage
1, gelatinous body 1
a: Channel Magic, Renounce Religion


You were in the Dungeon.
You worshipped Sif Muna.
Sif Muna was pleased with you.
You visited 1 branch You collected 36 gold pieces.

Inventory:

Hand Weapons
 c - a +0 dagger (weapon)
Scrolls
 a - 7 scrolls of remove curse
 h - 2 scrolls of immolation {unknown}
 j - 2 scrolls of identify
Potions
 b - 2 potions of curing
 e - 2 potions of magic
 f - a potion of berserk rage
 i - 2 potions of flight
 k - 5 potions of mutation
Miscellaneous
 d - a lightning rod (4/4)


   Skills:
 + Level 0.3(0.0) Fighting
 + Level 4.5(3.9) Dodging
 + Level 6.6(6.0) Stealth
 * Level 10.3(9.7) Spellcasting
 * Level 8.3(7.7) Conjurations
 + Level 11.1(10.4) Fire Magic


You had 11 spell levels left.
You knew the following spells:

 Your Spells              Type           Power        Failure   Level
a - Foxfire               Conj/Fire      ####         1%          1
b - Conjure Flame         Conj/Fire      #####...     1%          3
c - Sticky Flame          Conj/Fire      #####...     1%          4
d - Inner Flame           Hex/Fire       ####....     2%          3
e - Fireball              Conj/Fire      #####.....   4%          5

Your spell library contained the following spells:

 Spells                   Type           Power        Failure   Level
 Summon Demon             Summ           #.........   89%         5
 Summon Forest            Summ/Tloc      #.........   89%         5
 Summon Mana Viper        Hex/Summ       #.......     89%         5
 Shadow Creatures         Summ           N/A          100%        6
 Summon Hydra             Summ           #.........   100%        7


Dungeon Overview and Level Annotations

Branches:
Dungeon (1/1)

Altars:
Cheibriados
Dithmenos
Elyvilon
Fedhas
Gozag
Hepliaklqana
Kikubaaqudgha
Makhleb
Nemelex Xobeh
Okawaru
Qazlal
Ru
Sif Muna
Trog
Uskayaw
Vehumet
Wu Jian
Xom
Yredelemnul
Zin
The Shining One
Beogh
Jiyva
Lugonu

Annotations:
D Josephine


Innate Abilities, Weirdness & Mutations

You cannot wear most types of armour.
You are very stealthy in the water. (Stealth+)
You are amphibious.
You can wear up to eight rings at the same time.
You can use your tentacles to constrict eight enemies at once.
Your skin changes colour to match your surroundings (Stealth+).
Your rubbery body absorbs attacks. (AC +1, EV +1)


Message History

You constrict Josephine, but do no damage.
Josephine splashes around in the water.
You hit Josephine. Your squeeze misses Josephine.
Josephine is almost dead.
You constrict Josephine. Josephine hits you with a +0 dagger.
You hit Josephine but do no damage. You squeeze Josephine.
Josephine is almost dead.
You constrict Josephine. Josephine casts a spell at you.
The ghostly flame explodes!
The ghostly fireball engulfs you!!
You feel drained.
* * * LOW HITPOINT WARNING * * *
The ghostly fireball engulfs Josephine.
Josephine completely resists.
Okay, then.
You hit Josephine but do no damage.
Josephine is almost dead.
You constrict Josephine.
Josephine grinds her teeth.
Josephine is infused with unholy energy.
You die...

♣.############
♣.#___#___#__#
♣♣.#...#__)#._#
♣..###)#'###'##
♣..#.[........#
♣♣.÷÷⌠........#
...#...######'#
...#.⌠.#__#...#+#####
...#...#__#...#§@§§≈+
...#)###__#...#.#@§§#
...#.).#__#...'.#§§.#
...#___#__'...#.#§.§#
▓▓▓▓▓▓▓▓▓▓▓▓▓▓▓▓▓▓▓▓▓


You could see Josephine.

Vanquished Creatures
  A deep elf mage (D)
  A shadow (D)
  A spatial vortex (D)
  A necrophage (D)
  A water elemental (D)
  A jelly (D)
  A wizard (D)
  A necromancer (D)
  3 humans (D)
  A kobold demonologist (D)
  A wolf (D)
  An ooze (D)
  3 rats (D)
17 creatures vanquished.

Vanquished Creatures (others)
  135 foxfires (D)
  4 plants (D)
139 creatures vanquished.

Grand Total: 156 creatures vanquished

Notes
Turn   | Place    | Note
-------+----------+-------------------------------------------
     0 | D        | Conn the Octopode Fire Elementalist began the quest for the
                  | Orb.
     0 | D        | Reached XP level 1. HP: 11/11 MP: 3/3
     9 | D        | Reached skill level 4 in Fire Magic
    50 | D        | Reached XP level 2. HP: 17/17 MP: 1/5
   110 | D        | Reached skill level 5 in Fire Magic
   110 | D        | Reached XP level 3. HP: 15/21 MP: 0/7
   235 | D        | Noticed a water elemental
   255 | D        | Killed a water elemental
   255 | D        | Reached skill level 6 in Fire Magic
   255 | D        | Reached XP level 4. HP: 27/27 MP: 1/10
   272 | D        | Learned a level 3 spell: Conjure Flame
   277 | D        | Learned a level 4 spell: Sticky Flame
   277 | D        | Found a radiant altar of Vehumet.
   277 | D        | Found a shimmering blue altar of Sif Muna.
   277 | D        | Found an ancient bone altar of Kikubaaqudgha.
   277 | D        | Noticed a wizard
   282 | D        | Noticed a sun demon
   284 | D        | Killed a wizard
   284 | D        | Reached skill level 5 in Spellcasting
   284 | D        | Reached skill level 7 in Fire Magic
   284 | D        | Reached XP level 5. HP: 31/31 MP: 4/12
   290 | D        | Noticed a red devil
   291 | D        | Noticed a sun demon
   353 | D        | Learned a level 3 spell: Inner Flame
   388 | D        | Became a worshipper of Sif Muna the Loreminder
   453 | D        | Found a hide-covered altar of Uskayaw.
   453 | D        | Found an iron altar of Okawaru.
   454 | D        | Found a roughly hewn altar of Beogh.
   454 | D        | Found a bloodstained altar of Trog.
   454 | D        | Found an ornate altar of the Wu Jian Council.
   454 | D        | Noticed a human
   456 | D        | Noticed a human
   472 | D        | Killed a human
   472 | D        | Reached skill level 5 in Stealth
   472 | D        | Reached skill level 8 in Fire Magic
   472 | D        | Reached XP level 6. HP: 20/36 MP: 6/15
   494 | D        | Killed a human
   494 | D        | Reached skill level 5 in Conjurations
   494 | D        | Reached skill level 9 in Fire Magic
   628 | D        | Learned a level 5 spell: Fireball
   628 | D        | Found a basalt altar of Yredelemnul.
   628 | D        | Found a shadowy altar of Dithmenos.
   628 | D        | Found a sacrificial altar of Ru.
   628 | D        | Noticed a necrophage
   641 | D        | Killed a necrophage
   641 | D        | Reached * piety under Sif Muna
   641 | D        | Reached XP level 7. HP: 41/41 MP: 2/18
   777 | D        | Found a glowing silver altar of Zin.
   777 | D        | Found a glowing golden altar of the Shining One.
   777 | D        | Found a white marble altar of Elyvilon.
   777 | D        | Noticed a deep elf mage
   781 | D        | Killed a deep elf mage
   781 | D        | Reached skill level 10 in Fire Magic
   781 | D        | Reached XP level 8. HP: 46/46 MP: 3/21
   895 | D        | Reached ** piety under Sif Muna
   902 | D        | Noticed a shadow
   908 | D        | Killed a shadow
   908 | D        | Reached skill level 10 in Spellcasting
   908 | D        | Reached skill level 11 in Fire Magic
  1087 | D        | Found a blossoming altar of Fedhas.
  1087 | D        | Found a stormy altar of Qazlal.
  1087 | D        | Found a snail-covered altar of Cheibriados.
  1087 | D        | Found a burning altar of Makhleb.
  1087 | D        | Found a shimmering altar of Xom.
  1088 | D        | Found a hazy altar of Hepliaklqana.
  1088 | D        | Found an opulent altar of Gozag.
  1088 | D        | Found a sparkling altar of Nemelex Xobeh.
  1088 | D        | Found a corrupted altar of Lugonu.
  1088 | D        | Found a viscous altar of Jiyva.
  1458 | D        | Noticed Josephine
  1471 | D        | Killed from afar by Josephine

Illustrated notes

Levels and vault maps discovered:
D:        dungeon_sprint_mu [sprint_mu_entry_forest, sprint_mu_temple_rooms,
          sprint_mu_d1_horrors, sprint_mu_d2_genie, sprint_mu_d3_branching,
          sprint_mu_orc_legion, sprint_mu_elf_gauntlet, sprint_mu_hive_nellie,
          sprint_mu_lair_fedhas, sprint_mu_vaults_butterflies,
          sprint_mu_slime_circle, sprint_mu_swamp_cave, sprint_mu_snake_twists,
          sprint_mu_blade_basic, sprint_mu_crypt_fortress,
          sprint_mu_tomb_spiral, sprint_mu_vestibule_basic,
          sprint_mu_gehenna_hellfire, sprint_mu_dis_giant,
          sprint_mu_tartarus_statrot, sprint_mu_cocytus_islands, sprint_mu_zot1]

Skill      XL: |  1  2  3  4  5  6  7  8 |
---------------+-------------------------+-----
Stealth        | 3 4 5 6 |  6.6
Fire Magic     | 4 5 6 7 8 9 10 11 | 11.1
Spellcasting   | 3 4 5 6 8 9 10 | 10.3
Dodging        | 3 4 |  4.5
Conjurations   | 2 3 4 5 7 8 |  8.3
Fighting       | |  0.3

Action                   |  1- 3 |  4- 6 |  7- 9 || total
-------------------------+-------+-------+-------++-------
Melee: Unarmed           |     2 |     7 |       ||     9
       Constrict         |     1 |     1 |     1 ||     3
       Dagger            |       |       |     8 ||     8
       Tentacles         |       |       |     2 ||     2
 Cast: Foxfire           |    21 |    12 |    43 ||    76
       Conjure Flame     |       |     2 |       ||     2
       Sticky Flame      |       |     1 |     4 ||     5
       Fireball          |       |     1 |    10 ||    11
  Use: Potion            |     1 |     2 |     1 ||     4
       Scroll            |       |     1 |       ||     1
 Stab: Sleeping          |       |       |     1 ||     1
Armor: Skin              |       |       |     1 ||     1
Dodge: Dodged            |     5 |     8 |     3 ||    16

Table legend: (Time is in decaauts)
 A = Elapsed time spent in this place.
 B = Non-inter-level travel time spent in this place.
 C = Inter-level travel time spent in this place.
 D = Time resting spent in this place.
 E = Time spent auto-exploring this place.
 F = Levels seen in this place.
 G = Mean time per level.
                   A        B        C        D        E       F      G
               +--------+--------+--------+--------+--------+-----+--------+
         Total |   1472 |   1472 |      0 |    805 |    110 |   1 | 1472.0 |
       Dungeon |   1472 |   1472 |      0 |    805 |    110 |   1 | 1472.0 |
               +--------+--------+--------+--------+--------+-----+--------+

Top non-repeatable levels by time:
       D: 1472 daAuts
